[Event "Early-Titled-Tuesday-Blitz-March-12-2024"]
[Site "Chess.com"]
[Date "2024.03.12"]
[Round "8"]
[White "MaxLeto"]
[Black "NelsonLinda"]
[Result "1/2-1/2"]
[WhiteElo "2492"]
[BlackElo "2611"]
[TimeControl "180+1"]
[EndTime "9:28:49 PDT"]
[Termination "Game drawn by repetition"]

1. g4 a5 2. Bg2 a4 3. d4 d5 4. c4 dxc4 5. Nc3 c6 6. h3 Nf6 7. Nxa4 e6 8. Nc3 Bb4 9. Nf3 O-O 10. O-O Nbd7 11. Bg5 h6 12. Bh4 Be7 13.
Bg3 Nd5 14. Nd2 b5 15. e4 Nb4 16.
b3 cxb3 17. Nxb3 Bb7 18. Qe2 Qb6 19. Rfd1 Rfd8 20. a3 Na6 21. Kh1 b4 22. axb4 Nxb4 23. Rab1 Ba6 24. Qd2 Qa7 25. Ra1 Qb6 26. Na4 Qb5 27.
Bf1 Qb7 28. Bg2 Qb5 29. f4 c5 30. d5 exd5 31. exd5 Bf6 32. Ra3 Qe2 33. Na5 Qxd2 34.
Rxd2 Bb5 35. Nb2 Nb6 36. d6 Ra7 37. Nac4 Rxa3 38. Nxa3 Bc6 39. f5 Bxg2+ 40. Kxg2 N6d5 41. Nac4 Nc3 42. Kf3 Nbd5 43. Kg2 g6 44. fxg6 fxg6 45.
Rf2 Bg7 46. Nd3 Ne4 47. Re2 Nxg3 48. Kxg3 Nb4 49. Nf4 Nc6 50. Re6 g5 51. Nh5 Kf7 52.
Re2 Nd4 53. Re4 Bh8 54. Kf2 Ra8 55. Ke3 Ra3+ 56. Kd2 Ra2+ 57. Kd3 Ra8 58. Re7+ Kg6 59. d7 Rd8 60. Nd6 Nc6 61. Nb7 Rb8 62. Re8 Rxb7 63. Rxh8 Rxd7+ 64. Kc4 Ne5+ 65. Kxc5 Nd3+ 66. Kc6 Ra7 67. Rg8+ Kh7 68. Rd8 Ne5+ 69. Kd5 Ng6 70. Ke6 Nf4+ 71. Kf5 Nxh5 72. gxh5 Rf7+ 73. Ke6 Rf3 74.
Rd7+ Kg8 75. Rd8+ Kg7 76. Rd7+ Kg8 77. Rd8+ Kg7 78. Rd7+ Kg8 1/2-1/2

[Event "Early-Titled-Tuesday-Blitz-March-12-2024"]
[Site "Chess.com"]
[Date "2024.03.12"]
[Round "8"]
[White "LiamPutnam2008"]
[Black "Hanging_pointer"]
[Result "1/2-1/2"]
[WhiteElo "2896"]
[BlackElo "2721"]
[TimeControl "180+1"]
[EndTime "9:29:20 PDT"]
[Termination "Game drawn - insufficient material"]

1. e4 c6 2. d4 d5 3. exd5 cxd5 4.
Bd3 Nc6 5. c3 Nf6 6. h3 g6 7.
Nf3 Bg7 8. O-O O-O 9. Re1 Bf5 10. Bxf5 gxf5 11. Nbd2 e6 12. b4 a5 13. b5 Nb8 14.
a4 Nbd7 15. Ba3 Re8 16. c4 dxc4 17. Nxc4 Bf8 18. Bxf8 Rxf8 19. Qd2 Ne4 20. Qf4 Rc8 21. Rac1 Ndf6 22. Qh6 Nd5 23. Nce5 Rxc1 24. Rxc1 f6 25.
Nd3 Ndc3 26. Nf4 Qe7 27. Rc2 Rd8 28. Nh5 Nxa4 29. Nd2 Nxd2 30. Rxd2 Qf8 31. Nxf6+ Kf7 32. Qg5 Qg7 33. Qh5+ Kxf6 34. f4 Rd5 35. Qh4+ Kf7 36. Qh5+ Qg6 37. Qh4 Nb6 38. Rc2 Qg7 39. Rc7+ Rd7 40.
Qd8 Qxd4+ 41. Kh1 Rxc7 42. Qxc7+ Nd7 43. Qxb7 a4 44. b6 Ke7 45. Qa7 Qxb6 46. Qxa4 Qd6 47. Qc4 Nf6 48. Qa4 Nd5 49. Qa7+ Qd7 50. Qa3+ Kf7 51.
Qf3 Kg7 52. Qg3+ Kh8 53. Qh4 Qf7 54. Qd8+ Kg7 55. Qg5+ Kf8 56. Qd8+ Qe8 57. Qd6+ Qe7 58. Qe5 Nf6 59. Qb8+ Kg7 60. Qe5 Qf7 61. Kh2 h6 62. g4 fxg4 63. hxg4 Kh7 64. Kh3 Qg6 65. Qxe6 Qd3+ 66.
Kh4 Qg6 67. Qe7+ Kh8 68. Qd8+ Ng8 69. Qd4+ Kh7 70. Qd7+ Kh8 71. Qd8 Kg7 72. Qc7+ Qf7 73. Qb8 Ne7 74. Qe5+ Kh7 75. Kg3 Ng6 76. Qe4 Kg7 77.
f5 Nf8 78. Qe5+ Qf6 79. Qc7+ Qf7 80. Qe5+ Qf6 81. Qc7+ Kg8 82. Qb8 Qf7 83. Qd8 Kg7 84. Qd4+ Qf6 85. Qa7+ Kg8 86. Kh3 Nh7 87. Qb8+ Kg7 88.
Qc7+ Qf7 89. Qe5+ Nf6 90. Kh4 Kh7 91. Qd4 Qg7 92. Qf4 Nd5 93. Qe4 Qg5+ 94. Kg3 Nf6 95. Qe7+ Qg7 96. Qb4 Qc7+ 97. Kh3 Qg7 98. Qd4 h5 99.
gxh5 Qg5 100. Qa7+ Kh6 101. Qd4 Qxh5+ 102. Kg2 Qxf5 103. Qh4+ Kg6 104. Qg3+ Ng4 105. Qf3 Qxf3+ 106. Kxf3 1/2-1/2

[Event "Early-Titled-Tuesday-Blitz-March-12-2024"]
[Site "Chess.com"]
[Date "2024.03.12"]
[Round "9"]
[White "becemix"]
[Black "Roman_Ovetchkin"]
[Result "0-1"]
[WhiteElo "2459"]
[BlackElo "2590"]
[TimeControl "180+1"]
[EndTime "9:38:16 PDT"]
[Termination "Roman_Ovetchkin won by resignation"]

1. e4 c6 2. c4 d5 3. cxd5 cxd5 4. exd5 Nf6 5. d4 g6 6. Bb5+ Nbd7 7. Nc3 Bg7 8. Nf3 O-O 9. O-O Nb6 10. Ne5 Nfxd5 11.
Qf3 Be6 12. Ne4 Nc7 13. Be2 Qxd4 14. Nd3 Bd5 15. Ndc5 Ne6 16. Rd1 Qxc5 17. Nxc5 Bxf3 18. Nxe6 Bxe2 0-1

[Event "Early-Titled-Tuesday-Blitz-March-12-2024"]
[Site "Chess.com"]
[Date "2024.03.12"]
[Round "9"]
[White "Cheer_Down"]
[Black "RandomNoob04"]
[Result "0-1"]
[WhiteElo "2433"]
[BlackElo "2624"]
[TimeControl "180+1"]
[EndTime "9:38:23 PDT"]
[Termination "RandomNoob04 won by resignation"]

1. e4 d5 2. exd5 Qxd5 3. d4 Nc6 4. Nf3 Bg4 5. Nc3 Qh5 6. d5 O-O-O 7. Bd2 Nd4 8. Be2 Nxe2 9. Qxe2 Nf6 10. O-O-O Nxd5 11. Nxd5 Rxd5 12. Be3 e6 13. Rxd5 Qxd5 14. Kb1 Bxf3 15.
gxf3 Bc5 16. Rd1 Qc6 17. Qc4 Qxf3 0-1

[Event "Early-Titled-Tuesday-Blitz-March-12-2024"]
[Site "Chess.com"]
[Date "2024.03.12"]
[Round "9"]
[White "scrambleyourbrain"]
[Black "guillembaches"]
[Result "0-1"]
[WhiteElo "2393"]
[BlackElo "2544"]
[TimeControl "180+1"]
[EndTime "9:39:21 PDT"]
[Termination "guillembaches won by resignation"]

1. e4 d5 2. exd5 Qxd5 3. Nc3 Qa5 4. Nf3 Nf6 5. d4 Bf5 6. Bd2 e6 7. Bc4 Bb4 8. a3 Bxc3 9. Bxc3 Qb6 10. O-O Nc6 11.
b4 O-O 12. Ne5 Nxe5 13. dxe5 Rad8 14. Qe2 Ne4 15. Be1 Qd4 16. Rb1 Qxe5 17. f3 Qd4+ 18. Kh1 Nc3 19. Bxc3 Qxc3 20. Bb3 Rd2 21. Qb5 b6 22.
Rfc1 h5 23. Ba4 h4 24. h3 Bxh3 25. Rb3 Bxg2+ 0-1

[Event "Early-Titled-Tuesday-Blitz-March-12-2024"]
[Site "Chess.com"]
[Date "2024.03.12"]
[Round "9"]
[White "Matibar"]
[Black "PolandHussars"]
[Result "1-0"]
[WhiteElo "2755"]
[BlackElo "2549"]
[TimeControl "180+1"]
[EndTime "9:39:39 PDT"]
[Termination "Matibar won by resignation"]

1. e4 d5 2. exd5 Qxd5 3. h3 Nf6 4. Nf3 c6 5. d4 Bf5 6. c4 Qa5+ 7. Nc3 e6 8. Be2 Be7 9. O-O O-O 10. Bf4 Nbd7 11. Qb3 Qb6 12. c5 Qxb3 13. axb3 Nd5 14.
Nxd5 exd5 15. b4 a6 16. Nd2 Bf6 17. Nb3 Bc2 18. Na5 Ra7 19. Bg4 Rd8 20. Bc7 Rc8 21. Bb6 1-0

[Event "Early-Titled-Tuesday-Blitz-March-12-2024"]
[Site "Chess.com"]
[Date "2024.03.12"]
[Round "9"]
[White "LiadCuba"]
[Black "DamianoLew95"]
[Result "1-0"]
[WhiteElo "2553"]
[BlackElo "2742"]
[TimeControl "180+1"]
[EndTime "9:39:55 PDT"]
[Termination "LiadCuba won by resignation"]

1. d4 Nf6 2. c4 e6 3. Nc3 Bb4 4. f3 c5 5. d5 b5 6. e4 bxc4 7.
Bxc4 O-O 8. Ne2 exd5 9. Bxd5 Nxd5 10. Qxd5 Qb6 11. Kf2 Bb7 12. Qg5 Na6 13. Be3 Bxc3 14. bxc3 Bc6 15. Rhb1 Qa5 16. Qg3 Kh8 17. Rb3 Bb5 18.
Nf4 Bc4 19. Nh5 Rg8 20. Bh6 1-0

[Event "Early-Titled-Tuesday-Blitz-March-12-2024"]
[Site "Chess.com"]
[Date "2024.03.12"]
[Round "9"]
[White "Bilan_Danila"]
[Black "Flaccidmoves"]
[Result "1-0"]
[WhiteElo "2560"]
[BlackElo "2428"]
[TimeControl "180+1"]
[EndTime "9:39:59 PDT"]
[Termination "Bilan_Danila won by checkmate"]

1. d4 Nf6 2. Nf3 g6 3. Bg5 Bg7 4. c3 O-O 5. Nbd2 d5 6. e3 b6 7. Bd3 c5 8. O-O Bb7 9. Ne5 Nc6 10. f4 Ne8 11. Qg4 Nd6 12. Qh4 f6 13. Nxg6 hxg6 14.
Bxg6 Rf7 15. Qh7+ Kf8 16. Bh6 e6 17. Bxf7 Bxh6 18. Bxe6 Bg7 19. Bxd5 Qe7 20. Qg8# 1-0

[Event "Early-Titled-Tuesday-Blitz-March-12-2024"]
[Site "Chess.com"]
[Date "2024.03.12"]
[Round "9"]
[White "Kotlyar_K"]
[Black "lilylg"]
[Result "1-0"]
[WhiteElo "2565"]
[BlackElo "2149"]
[TimeControl "180+1"]
[EndTime "9:39:59 PDT"]
[Termination "Kotlyar_K won by resignation"]

1. e4 c6 2. d4 d5 3. exd5 cxd5 4. Bd3 Nc6 5. Nf3 Nf6 6. O-O g6 7. c3 Bg7 8. Re1 O-O 9. Bf4 Bg4 10. h3 Bxf3 11.
Qxf3 Re8 12. Nd2 Qb6 13. Rab1 Nd7 14. Qxd5 Rad8 15. Nc4 Qa6 16. Nd6 Qxd3 17. Qxf7+ Kh8 18. Nxe8 Rxe8 19. Qxe8+ Nf8 20. Rbd1 Qf5 21. d5 Na5 22. Be5 1-0

[Event "Early-Titled-Tuesday-Blitz-March-12-2024"]
[Site "Chess.com"]
[Date "2024.03.12"]
[Round "9"]
[White "Fandorine"]
[Black "Firouzja2003"]
[Result "0-1"]
[WhiteElo "2958"]
[BlackElo "3141"]
[TimeControl "180+1"]
[EndTime "9:40:00 PDT"]
[Termination "Firouzja2003 won by resignation"]

1. d4 e6 2. c4 b6 3. e4 Bb7 4. Nc3 Bb4 5. Bd3 f5 6. exf5 Bxg2 7. Qh5+ Kf8 8. fxe6 dxe6 9. Bg5 Qe8 10. Qg4 Bxh1 11. Ne2 Nd7 12. O-O-O Ngf6 13. Qh4 Bf3 14.
Rg1 Bxc3 15. Nxc3 Qf7 16. Bf4 Kg8 17. Bxc7 Nf8 18. Qg3 Nh5 19. Qe5 Ng6 20. Bxg6 hxg6 21. d5 exd5 22. cxd5 Re8 23. Qd6 Kh7 24. Kb1 Rc8 0-1

[Event "Early-Titled-Tuesday-Blitz-March-12-2024"]
[Site "Chess.com"]
[Date "2024.03.12"]
[Round "9"]
[White "bobo_panda"]
[Black "Actuary44"]
[Result "1-0"]
[WhiteElo "2327"]
[BlackElo "2511"]
[TimeControl "180+1"]
[EndTime "9:40:02 PDT"]
[Termination "bobo_panda won by resignation"]

1. e4 b6 2. d4 Bb7 3. Bd3 e6 4. Qe2 Nf6 5. Nf3 d5 6. Nbd2 c5 7. c3 Nc6 8. e5 Nd7 9. O-O Qc7 10. a3 O-O-O 11. b4 c4 12. Bc2 h6 13. Re1 Re8 14. Nf1 f5 15. exf6 gxf6 16. Nh4 Bd6 17. Ng3 e5 18. Nhf5 exd4 19. Qxe8+ Rxe8 20. Rxe8+ Nd8 21. Nxd4 a6 22. Ne6 Ne5 23. Rxd8+ Qxd8 24. Nxd8 Kxd8 25. Bxh6 d4 26. cxd4 Nc6 27. Nf5 Bc7 28. h4 Bc8 29. Be3 a5 30. b5 1-0

[Event "Early-Titled-Tuesday-Blitz-March-12-2024"]
[Site "Chess.com"]
[Date "2024.03.12"]
[Round "9"]
[White "awesomevishesh"]
[Black "matagordo"]
[Result "1-0"]
[WhiteElo "2640"]
[BlackElo "2293"]
[TimeControl "180+1"]
[EndTime "9:40:19 PDT"]
[Termination "awesomevishesh won by resignation"]

1. a3 e6 2. c4 Nf6 3. e3 b6 4. Nc3 Bb7 5. Nf3 d6 6. d4 Ne4 7. Bd3 f5 8. Qc2 Nxc3 9. bxc3 Nd7 10. e4 Be7 11. exf5 exf5 12. Bxf5 O-O 13. Bxh7+ Kh8 14. Be4 d5 15. Bxd5 c6 16. Be6 Rf6 17. Ng5 Rxe6+ 18. Nxe6 Qg8 19. Nf4 Bd6 20. Ng6+ Kh7 21.
Ne7+ 1-0

[Event "Early-Titled-Tuesday-Blitz-March-12-2024"]
[Site "Chess.com"]
[Date "2024.03.12"]
[Round "9"]
[White "MaxLeto"]
[Black "Mikhail_Golubev"]
[Result "0-1"]
[WhiteElo "2488"]
[BlackElo "2692"]
[TimeControl "180+1"]
[EndTime "9:40:33 PDT"]
[Termination "Mikhail_Golubev won by resignation"]

1. g4 d5 2. Bg2 c6 3. h3 h5 4. g5 e5 5. d4 e4 6. c4 Bb4+ 7. Nc3 Ne7 8. Qb3 Ba5 9. Bd2 O-O 10. h4 dxc4 11. Qxc4 Be6 12. Qa4 b5 13. Qc2 e3 14.
fxe3 Bxc3 15. bxc3 Qd6 16. O-O-O Nd7 17. e4 Nb6 18. e5 Qa3+ 19. Kb1 Ned5 20. e4 Nc4 21.
exd5 Bf5 0-1

[Event "Early-Titled-Tuesday-Blitz-March-12-2024"]
[Site "Chess.com"]
[Date "2024.03.12"]
[Round "9"]
[White "omeganebulapegasus"]
[Black "Winner_7777"]
[Result "0-1"]
[WhiteElo "2788"]
[BlackElo "2590"]
[TimeControl "180+1"]
[EndTime "9:40:34 PDT"]
[Termination "Winner_7777 won by resignation"]

1. d4 d5 2. c4 e6 3. Nf3 c6 4. g3 dxc4 5. Bg2 b5 6. O-O Bb7 7. a4 Nf6 8. Ne5 a6 9. b3 cxb3 10.
Qxb3 b4 11. Bb2 a5 12. Rc1 Ra6 13. Nd2 Be7 14. Nd3 Nbd7 15. Nc4 O-O 16. Rc2 Qa8 17. Nce5 Rc8 18. Nc5 Nxc5 19. dxc5 Rd8 20. Rc4 Qc8 21.
Nd3 Ra7 22. Rh4 Ba6 23. Ne5 Nd5 24. Qc2 Bxh4 25. gxh4 f6 26. Nf3 Nf4 27. Bf1 e5 28. Qe4 Rad7 29. Nxe5 fxe5 30. Qxe5 Rf7 31. f3 Re8 32. Qg5 Bxe2 0-1

[Event "Early-Titled-Tuesday-Blitz-March-12-2024"]
[Site "Chess.com"]
[Date "2024.03.12"]
[Round "9"]
[White "nekotyanof"]
[Black "SharapovEvgeny"]
[Result "1/2-1/2"]
[WhiteElo "2643"]
[BlackElo "2523"]
[TimeControl "180+1"]
[EndTime "9:40:42 PDT"]
[Termination "Game drawn by repetition"]

1. e4 c5 2. Nf3 d6 3. d4 cxd4 4. Nxd4 Nf6 5. Nc3 Nc6 6. Bg5 e6 7. Qd2 Be7 8. O-O-O O-O 9. f4 Nxd4 10. Qxd4 Qa5 11.
h4 Rd8 12. Qe3 h6 13. Bd3 Qb6 14. Qg3 Kf8 15. e5 dxe5 16. fxe5 Ng8 17. Bxe7+ Nxe7 18. Rhf1 Nf5 19. Bxf5 Rxd1+ 20. Rxd1 exf5 21. Nd5 Qa5 22. b4 Qxa2 23. Nc7 Qa1+ 24. Kd2 Qd4+ 25. Kc1 Qa1+ 26. Kd2 Qd4+ 27. Kc1 Qa1+ 1/2-1/2

[Event "Early-Titled-Tuesday-Blitz-March-12-2024"]
[Site "Chess.com"]
[Date "2024.03.12"]
[Round "9"]
[White "profedechess93"]
[Black "KetiTsatsalashvili"]
[Result "1-0"]
[WhiteElo "2627"]
[BlackElo "2438"]
[TimeControl "180+1"]
[EndTime "9:40:56 PDT"]
[Termination "profedechess93 won by resignation"]

1. e4 c5 2. Nf3 d6 3. Bb5+ Bd7 4.
Bxd7+ Nxd7 5. O-O g6 6. c3 Ngf6 7. Qe2 Bg7 8. d4 cxd4 9. cxd4 d5 10. e5 Ne4 11. Ne1 Rc8 12. Nd3 Qb6 13. Be3 h6 14.
f3 Ng5 15. h4 Ne6 16. Nc3 Rc4 17. Nxd5 Qa5 18. N3f4 Nxf4 19. Nxf4 Qc7 20. e6 Nb6 21. exf7+ Kxf7 22. Qd3 Rf8 23. Qxg6+ Kg8 24. Ne6 1-0

[Event "Early-Titled-Tuesday-Blitz-March-12-2024"]
[Site "Chess.com"]
[Date "2024.03.12"]
[Round "9"]
[White "Skatchkov_V"]
[Black "VD_coach"]
[Result "1-0"]
[WhiteElo "2679"]
[BlackElo "2523"]
[TimeControl "180+1"]
[EndTime "9:40:59 PDT"]
[Termination "Skatchkov_V won by resignation"]

1. d4 Nf6 2. c4 g6 3. Nc3 Bg7 4. e4 d6 5. h3 O-O 6. Bg5 c5 7.
d5 b5 8. cxb5 a6 9. a4 Qa5 10. Bd2 Qb4 11. Bd3 c4 12. Bc2 Nbd7 13. Nf3 Qxb2 14. O-O axb5 15. Rb1 Qxb1 16. Qxb1 bxa4 17.
Bxa4 Nc5 18. Bc6 Ra3 19. Qb4 Rb3 20. Qxc4 Ba6 21. Bb5 Bxb5 22. Nxb5 Nfxe4 23. Be3 Rb8 24. Nbd4 Rc3 25. Qa2 Rcb3 26. Nxb3 1-0

[Event "Early-Titled-Tuesday-Blitz-March-12-2024"]
[Site "Chess.com"]
[Date "2024.03.12"]
[Round "9"]
[White "CarlosjPineror"]
[Black "AccioChess"]
[Result "1-0"]
[WhiteElo "2624"]
[BlackElo "2436"]
[TimeControl "180+1"]
[EndTime "9:41:01 PDT"]
[Termination "CarlosjPineror won by resignation"]

1. e4 c5 2. Nf3 Nc6 3. g3 g6 4.
Bg2 Bg7 5. O-O d6 6. h3 Nf6 7.
Nc3 O-O 8. d3 Rb8 9. Be3 b5 10.
Qd2 b4 11. Nd1 a5 12. Ne1 a4 13. Rc1 a3 14. b3 Nd4 15. f4 Ne8 16. Kh2 Nc7 17. c4 Bd7 18. Nf3 Nxf3+ 19. Bxf3 Ne6 20. Bg2 Nd4 21. Bg1 f5 22. Ne3 e6 23. Nc2 Nc6 24.
exf5 gxf5 25. d4 Qe7 26. Rfe1 Rbc8 27. Rcd1 Rf7 28. Qd3 cxd4 29. Nxd4 Nd8 30. Nxf5 Rxf5 31. Qxf5 Bc6 32. Qd3 Bxg2 33. Kxg2 Qb7+ 34. Qf3 Qf7 35.
Rxd6 Nb7 36. Rdxe6 Qf5 37. Qxb7 1-0

[Event "Early-Titled-Tuesday-Blitz-March-12-2024"]
[Site "Chess.com"]
[Date "2024.03.12"]
[Round "9"]
[White "Misterfox120"]
[Black "Viktor_Poddubnyi"]
[Result "0-1"]
[WhiteElo "2386"]
[BlackElo "2278"]
[TimeControl "180+1"]
[EndTime "9:41:01 PDT"]
[Termination "Viktor_Poddubnyi won by resignation"]

1. d4 g6 2. e4 Bg7 3. Nc3 d6 4. Be3 a6 5. g4 Nd7 6. h4 h5 7.
gxh5 Rxh5 8. Be2 Rh8 9. h5 gxh5 10. Bxh5 Ndf6 11. Bf3 Rxh1 12. Bxh1 Ng4 13. Bf4 c5 14.
dxc5 Qa5 15. Bd2 Qxc5 16. Qe2 Be6 17. O-O-O Nxf2 18. Be3 Bh6 19. Bxh6 Nxd1 20. Nxd1 Qxg1 21. Qh5 Bg4 0-1

[Event "Early-Titled-Tuesday-Blitz-March-12-2024"]
[Site "Chess.com"]
[Date "2024.03.12"]
[Round "9"]
[White "PetrolulSah"]
[Black "margarita_2703"]
[Result "1-0"]
[WhiteElo "2237"]
[BlackElo "2365"]
[TimeControl "180+1"]
[EndTime "9:41:02 PDT"]
[Termination "PetrolulSah won by resignation"]

1. d4 d5 2. c4 e6 3. Nf3 c6 4.
g3 Nf6 5. Bg2 Nbd7 6. O-O dxc4 7. Qc2 b5 8. Rd1 Bb7 9. Ne5 Rc8 10. a4 Qb6 11. a5 Qd8 12. b3 cxb3 13. Qxb3 a6 14. Nc3 Bd6 15. Bg5 h6 16. Nxd7 hxg5 17. Nc5 Qe7 18. N5e4 Nxe4 19. Nxe4 f5 20. Nc5 Bxc5 21.
dxc5 Kf7 22. Rd6 Rhd8 23. Rad1 Rxd6 24. Rxd6 Rd8 25. Bxc6 Bxc6 26. Rxc6 Rd5 27. Qe3 Qd7 28. Rb6 Rd1+ 29. Kg2 Qd5+ 30. f3 Rc1 31. Qxc1 1-0

[Event "Early-Titled-Tuesday-Blitz-March-12-2024"]
[Site "Chess.com"]
[Date "2024.03.12"]
[Round "9"]
[White "PLAYER_2006_M"]
[Black "DonkyDonkyDonkey"]
[Result "1-0"]
[WhiteElo "2995"]
[BlackElo "2892"]
[TimeControl "180+1"]
[EndTime "9:41:04 PDT"]
[Termination "PLAYER_2006_M won by resignation"]

1. e4 c5 2. Nf3 d6 3. d4 cxd4 4. Nxd4 Nf6 5. Nc3 a6 6. a3 e5 7. Nf5 d5 8. Bg5 d4 9. Bxf6 Qxf6 10. Nd5 Qc6 11. c4 g6 12. Nxd4 exd4 13. Qxd4 f6 14.
b4 Nd7 15. f4 Bd6 16. c5 Bb8 17. Bc4 g5 18. g3 gxf4 19. gxf4 b6 20. cxb6 Ne5 21.
Be2 Bb7 22. Bh5+ Kf8 23. fxe5 Bxe5 24. Qe3 Rg8 25. Rc1 Qd6 26. Rc7 Rg5 27. Rxb7 Rxh5 28. Qc5 Re8 29. Qxd6+ Bxd6 30. Nxf6 1-0

[Event "Early-Titled-Tuesday-Blitz-March-12-2024"]
[Site "Chess.com"]
[Date "2024.03.12"]
[Round "9"]
[White "Iskusnyh"]
[Black "koncheto"]
[Result "1-0"]
[WhiteElo "2656"]
[BlackElo "2478"]
[TimeControl "180+1"]
[EndTime "9:41:04 PDT"]
[Termination "Iskusnyh won by checkmate"]

1. d4 Nf6 2. c4 e6 3. g3 c5 4. Nf3 cxd4 5. Nxd4 Nc6 6. Bg2 Be7 7.
O-O O-O 8. Nc3 a6 9. b3 Qc7 10. Bb2 d6 11. Rc1 Nxd4 12. Qxd4 Bd7 13. Rfd1 Rfd8 14.
h3 Rac8 15. Qa7 d5 16. cxd5 Bc5 17. d6 Bxa7 18. dxc7 Rxc7 19. Ne4 Rxc1 20. Nxf6+ gxf6 21. Bxc1 Kf8 22. Bxb7 Ke7 23. Ba3+ Ke8 24. Bxa6 Ra8 25. Bb7 Bxf2+ 26. Kxf2 Rxa3 27. Rd2 Ke7 28. Be4 h6 29. Bd3 f5 30. e4 fxe4 31. Bxe4 f5 32. Bd3 e5 33. Bc4 Bc6 34. Rb2 Kd6 35. b4 Rf3+ 36.
Ke1 Rxg3 37. b5 Be4 38. a4 Kc5 39. Be2 Ra3 40. b6 Bb7 41. Rb5+ Kd4 42. a5 f4 43. Rb4+ Ke3 44. a6 Bxa6 45. b7 Bxe2 46. b8=Q Ra1+ 47.
Rb1 Rxb1+ 48. Qxb1 e4 49. Qb6+ Kf3 50. Qf2# 1-0

[Event "Early-Titled-Tuesday-Blitz-March-12-2024"]
[Site "Chess.com"]
[Date "2024.03.12"]
[Round "9"]
[White "snowlord"]
[Black "Msb2"]
[Result "0-1"]
[WhiteElo "2909"]
[BlackElo "3010"]
[TimeControl "180+1"]
[EndTime "9:41:12 PDT"]
[Termination "Msb2 won by resignation"]

1. d4 d5 2. Bf4 c5 3. e4 e6 4.
Nc3 cxd4 5. Qxd4 Nc6 6. Qa4 Bb4 7. O-O-O Bxc3 8. bxc3 Ne7 9. exd5 exd5 10. Bd3 O-O 11. Nf3 Bf5 12. Rhe1 Bxd3 13. Rxd3 Ng6 14. Bg3 Qf6 15.
h4 h5 16. Rxd5 Qxc3 17. Qb3 Qa1+ 18. Qb1 Qf6 19. Qb2 Qxb2+ 20. Kxb2 b6 21. Rxh5 Na5 22. Re4 Rac8 23. Rg5 Rfd8 24. h5 Nf8 25. Rgg4 f5 26.
Rxg7+ Kxg7 27. Re7+ Kg8 28. h6 Nc4+ 29. Kc1 Rd7 30. h7+ Kh8 0-1

[Event "Early-Titled-Tuesday-Blitz-March-12-2024"]
[Site "Chess.com"]
[Date "2024.03.12"]
[Round "9"]
[White "bubeliang"]
[Black "Sadykov_Ramil"]
[Result "1-0"]
[WhiteElo "2795"]
[BlackElo "2605"]
[TimeControl "180+1"]
[EndTime "9:41:12 PDT"]
[Termination "bubeliang won by resignation"]

1. d4 d5 2. Nc3 Nf6 3. Bf4 Bf5 4.
e3 e6 5. Nb5 Na6 6. Nf3 c6 7.
Nc3 Bb4 8. Ne5 Ne4 9. Bxa6 Nxc3 10. bxc3 Bxc3+ 11. Kf1 bxa6 12. Rb1 Qa5 13. g4 Be4 14. f3 Bg6 15. Kg2 Qxa2 16. Nxg6 hxg6 17. Qd3 Qc4 18. Qxc4 dxc4 19. Bd6 Kd7 20. Be5 Rhc8 21. Rb7+ Ke8 22. h4 Kf8 23. h5 gxh5 24. gxh5 f6 25. h6 gxh6 26. Rxh6 1-0

[Event "Early-Titled-Tuesday-Blitz-March-12-2024"]
[Site "Chess.com"]
[Date "2024.03.12"]
[Round "9"]
[White "rhwr"]
[Black "killer_dreams"]
[Result "0-1"]
[WhiteElo "2305"]
[BlackElo "2510"]
[TimeControl "180+1"]
[EndTime "9:41:17 PDT"]
[Termination "killer_dreams won by resignation"]

1. e4 e5 2. Nf3 Nc6 3. Bc4 Bc5 4.
O-O Nf6 5. b4 Bxb4 6. c3 Be7 7.
d4 d6 8. Ng5 O-O 9. Qb3 d5 10.
exd5 Na5 11. Qa4 Nxc4 12. Qxc4 exd4 13. Qxd4 Nxd5 14. Ne4 Be6 15. Rd1 Nf6 16. Nbd2 Qxd4 17. cxd4 Rfd8 18. Bb2 Nxe4 19. Nxe4 b6 20. h3 Rd7 21. g4 Rad8 22. Rdc1 f5 23. gxf5 Bxf5 24. Ng3 Bxh3 25. Rc4 Be6 26. Ra4 a5 27. Re1 Kf7 28. Kh2 Bb4 29. Re5 Bd6 30. Rb5 Re7 31. d5 Bd7 0-1

[Event "Early-Titled-Tuesday-Blitz-March-12-2024"]
[Site "Chess.com"]
[Date "2024.03.12"]
[Round "9"]
[White "SuperPower2011"]
[Black "GeorgiosSouleidis"]
[Result "0-1"]
[WhiteElo "2796"]
[BlackElo "2690"]
[TimeControl "180+1"]
[EndTime "9:41:20 PDT"]
[Termination "GeorgiosSouleidis won by resignation"]

1. e4 c5 2. Nf3 e6 3. d4 cxd4 4. Nxd4 Nf6 5. Nc3 Nc6 6. Ndb5 Bc5 7. Nd6+ Ke7 8. Bf4 e5 9. Nf5+ Kf8 10. Bg5 d6 11. Bc4 Be6 12. Bd5 h6 13. Bh4 g6 14.
Nxd6 Bxd6 15. Bxf6 Qxf6 16. Bxc6 Bc5 17. O-O bxc6 18.
Na4 Be7 19. Qd2 Kg7 20. Qc3 c5 21. Nxc5 Bxc5 22. Qxc5 Rhc8 23. Qe3 Rxc2 24. b3 a5 25. Kh1 a4 26. b4 Rxa2 27. Rxa2 Bxa2 28. f4 exf4 29.
Qc1 Be6 30. Rxf4 Qe5 31. Rf1 a3 32. Qe3 a2 0-1

[Event "Early-Titled-Tuesday-Blitz-March-12-2024"]
[Site "Chess.com"]
[Date "2024.03.12"]
[Round "9"]
[White "ValentunHulka"]
[Black "YegoryoCh"]
[Result "1-0"]
[WhiteElo "2724"]
[BlackElo "2514"]
[TimeControl "180+1"]
[EndTime "9:41:25 PDT"]
[Termination "ValentunHulka won by resignation"]

1. Nc3 d5 2. e4 dxe4 3. Nxe4 Be6 4. Nf3 Nf6 5. Neg5 Bg4 6. Bc4 e6 7. Qe2 Nbd7 8. c3 h6 9. Ne4 Nxe4 10. Qxe4 Bxf3 11. Qxf3 Ne5 12. Qxb7 Nxc4 13. Qc6+ Ke7 14.
Qxc4 f6 15. O-O Kf7 16. Re1 Qd6 17. d4 g5 18. Bd2 Bg7 19. f4 Rab8 20. f5 Rhe8 21.
fxe6+ Kf8 22. b3 Rb6 23. Be3 Rc6 24. Qd3 Rxe6 25. d5 Re5 26. c4 Ra6 27. c5 Rxd5 28.
cxd6 Rxd3 29. dxc7 Rc3 30. Rec1 Rac6 31. Rxc3 Rxc3 32.
Rc1 1-0

[Event "Early-Titled-Tuesday-Blitz-March-12-2024"]
[Site "Chess.com"]
[Date "2024.03.12"]
[Round "9"]
[White "manitodeplomo"]
[Black "Barmen_EV"]
[Result "0-1"]
[WhiteElo "2713"]
[BlackElo "2534"]
[TimeControl "180+1"]
[EndTime "9:41:27 PDT"]
[Termination "Barmen_EV won by checkmate"]

1. d4 Nf6 2. c4 g6 3. Nc3 Bg7 4.
e4 O-O 5. Be2 d6 6. Nf3 e5 7. d5 a5 8. Bg5 Nbd7 9. Nd2 h6 10. Bh4 c6 11. O-O Nc5 12. Qc2 g5 13. Bg3 cxd5 14. cxd5 Bd7 15. a4 Rc8 16. Nc4 Qe7 17.
f3 Nh5 18. Nxa5 Nxg3 19. hxg3 g4 20. Bb5 gxf3 21. Rxf3 Bg4 22. Rf2 f5 23. exf5 e4 24. Rf4 Bd4+ 25. Kf1 Rxf5 26. Re1 Qh4 27. gxh4 Rxf4+ 28. Qf2 Rxf2+ 29. Kg1 Rf1+ 30. Kxf1 Rf8# 0-1

[Event "Early-Titled-Tuesday-Blitz-March-12-2024"]
[Site "Chess.com"]
[Date "2024.03.12"]
[Round "9"]
[White "kidagent"]
[Black "IMRosen"]
[Result "0-1"]
[WhiteElo "2344"]
[BlackElo "2692"]
[TimeControl "180+1"]
[EndTime "9:41:32 PDT"]
[Termination "IMRosen won by resignation"]

1. e4 e5 2. Nf3 Nf6 3. Nc3 Bc5 4. Bc4 Nc6 5. O-O d6 6. d3 Bg4 7. h3 Bh5 8. g4 Bg6 9. Be3 h5 10. g5 Nd7 11. h4 Nf8 12. Bxc5 dxc5 13. Bb5 f6 14.
Qd2 Qd7 15. Nd5 Qg4+ 16. Kh2 Qxf3 17. Nxc7+ Kd7 18. Nxa8 Ne6 19. Qe3 Qg4 20. Qh3 Qxh3+ 21. Kxh3 fxg5 22. hxg5 Rxa8 23. c3 a6 24. Ba4 Rf8 25.
f3 Nxg5+ 26. Kg3 Ne6 27. Rad1 b5 28. Bb3 Nf4 29. Kf2 Bf7 30. Ke3 g5 31. Rg1 Bxb3 32.
axb3 Rg8 33. b4 cxb4 34. d4 bxc3 35. bxc3 exd4+ 36. cxd4 Na5 37. Ra1 Nc4+ 38. Kf2 Nh3+ 39. Kg2 Nxg1 40. Kxg1 a5 0-1